 Dungeon Crawl Stone Soup version 0.32-a0-996-gb3226c233f (webtiles) character file.

Game seed: 16475480904716522661

307 ezpacito the Trooper (level 6, -1/48 HPs)
             Began as a Coglin Chaos Knight on Apr 23, 2024.
             Was a Plaything of Xom.
             Killed by divine providence
             ... invoked by an orc priest
              (16 damage)
             ... on level 3 of the Dungeon.
             The game lasted 00:02:05 (1680 turns).

ezpacito the Trooper (Coglin Chaos Knight)          Turns: 1680, Time: 00:02:06

Health: -1/48      AC:  6    Str: 15    XL:     6   Next: 40%
Magic:  7/7        EV: 11    Int: 11    God:    Xom [.*....]
Gold:   124        SH:  0    Dex: 13    Spells: 7/7 levels left

rFire   + . .        a - +0 hand axe (chaos) {Santiago}
rCold   + . .        m - +0 dagger (holy) {Qiu}
rNeg    . . .        b - +2 leather armour
rPois   +            e - +0 helmet
rElec   +            (no cloak)
rCorr   +            (no gloves)
SInv    .            (no boots)
Will    .....        (amulet unavailable)
Stlth   +            (ring unavailable)
HPRegen 0.28/turn    (ring unavailable)
MPRegen 0.10/turn    (no gizmo)

%: no passive effects
@: resistant (expiring), revving
A: off-hand wielding, slow wielding, warmup strikes, no jewellery
a: Invent Gizmo, Renounce Religion


You were on level 3 of the Dungeon.
You worshipped Xom.
You were a plaything of Xom.
You visited 1 branch of the dungeon, and saw 3 of its levels.

You collected 124 gold pieces.

Inventory:

Hand Weapons
 a - a +0 hand axe of chaos (weapon) {Santiago}
 k - a +0 sling
 m - a +0 dagger of holy wrath (offhand) {Qiu}
Armour
 b - a +2 leather armour (worn)
 e - a +0 helmet (worn)
Magical Staves
 g - a staff of conjuration
Scrolls
 f - a scroll of identify {unknown}
 h - 2 scrolls of teleportation
 i - a scroll of immolation {unknown}
 j - a scroll of vulnerability {unknown}
 l - a scroll of noise {unknown}
 o - a scroll of fear {unknown}
Potions
 n - a potion of resistance


   Skills:
 * Level 3.8 Fighting
 * Level 3.8(4.1) Axes
 * Level 1.8(2.9) Polearms
 * Level 2.9 Armour
 * Level 2.5 Dodging
 + Level 1.2 Stealth
 + Level 1.0 Spellcasting
 + Level 0.3 Conjurations
 + Level 0.7 Evocations


You had 7 spell levels left.
You didn't know any spells.
Your spell library contained the following spells:

 Spells                   Type           Power      Damage    Failure   Level
 Volatile Blastmotes      Fire/Tloc      0%         2d10      75%         3
 Fulminant Prism          Conj/Alch      0%         3d5       98%         4
 Iskenderun's Mystic Bla Conj/Tloc 0%             2d3        (+2d1     98%         4


Dungeon Overview and Level Annotations

Branches:
Dungeon (3/15)

Altars:
Vehumet
Xom

Portals:
Abyss: D:3

Annotations:
D:3 1 transporter, Bediveer's ghost, amateur OpHu


Innate Abilities, Weirdness & Mutations

You can wield a second weapon in your off-hand.
It takes a long time for you to wield or remove held weapons.
Your first few attacks do less damage.
You cannot equip rings or amulets.


Message History

The orc priest is knocked back by the sudden gust.
The endoplasm completely misses your butterfly.
You swap places.
The orc priest misses your butterfly.
The orc priest completely misses your butterfly.
The endoplasm closely misses your butterfly.
Your iron imp barely misses your butterfly.
You swap places.
The orc priest barely misses your butterfly.
The orc priest hits your butterfly with a +0 hand axe.
Your butterfly dies!
Your butterfly degenerates into a cloud of primal chaos!
A giant cockroach comes into view.
The giant cockroach bites you but does no damage.
You hit the giant cockroach but do no damage.
You hit the giant cockroach with your +0 hand axe of chaos.
You freeze the giant cockroach.
You kill the giant cockroach! "There, this looks better."
There is a shimmering altar of Xom here.
You see here 5 stones.
Your butterfly disappears in a burst of colours!
A rat comes into view.
The helpless rat fails to defend itself.
You hit the rat but do no damage.
You barely miss the rat with your +0 dagger of holy wrath.
The rat bites you but does no damage.
You hit the rat but do no damage.
You hit the rat with your +0 hand axe of chaos.
The rat becomes as fragile as glass!
The rat bites you but does no damage.
You hit the rat with your +0 dagger of holy wrath.
You kill the rat!
You start to feel less resistant.
The orc priest invokes the aid of Beogh against you.
Pain shoots through your body!
* * * LOW HITPOINT WARNING * * *
You take 6 damage, and have 14/48 hp.
Okay, then.
The orc priest calls down the wrath of Beogh upon you.
Beogh smites you!
You die...

#.# # #.# #.##
#.# .... ..#
.... #)# ###
#.# #.###.#####
#......†..###
#####@.........
#.###...... #.#
.###.. #o# # .
#.# #.# #.# #.#
######.#


You could see an orc priest (strong).

Vanquished Creatures
  Sigmund (D:2)
  An orc priest (D:3)
  Natasha (twice) (D:3)
  4 adders
  3 ball pythons
  4 bats
  An endoplasm (D:2)
  2 giant cockroaches
  3 goblins
  7 hobgoblins
  2 quokkas (D:1)
  3 frilled lizards
  3 kobolds
  5 rats
41 creatures vanquished.

Vanquished Creatures (collateral kills)
  2 orcs (D:3)
2 creatures vanquished.

Vanquished Creatures (others)
  A bat (D:1)
1 creature vanquished.

Grand Total: 44 creatures vanquished

Notes
Turn   | Place    | Note
-------+----------+-------------------------------------------
     0 | D:1      | ezpacito the Coglin Chaos Knight began the quest for the
                  | Orb.
     0 | D:1      | Reached XP level 1. HP: 18/18 MP: 1/1
    14 | D:1      | XOM: silly message
    96 | D:1      | XOM: divination: detect items
   145 | D:1      | Reached skill level 1 in Dodging
   196 | D:1      | Reached XP level 2. HP: 23/24 MP: 2/2
   366 | D:1      | XOM: silly message
   572 | D:1      | XOM: divination: magic mapping
   676 | D:2      | XOM: cast spell 'Fugue of the Fallen'
   832 | D:2      | Noticed Sigmund
   841 | D:2      | Killed Sigmund
   842 | D:2      | Reached skill level 1 in Polearms
   842 | D:2      | Reached skill level 1 in Stealth
   842 | D:2      | Reached XP level 3. HP: 21/29 MP: 2/4
   842 | D:2      | Reached XP level 4. HP: 26/35 MP: 2/5
   842 | D:2      | Reached XP level 5. HP: 30/41 MP: 2/6
   878 | D:2      | XOM: cloud trail
   888 | D:2      | Found a radiant altar of Vehumet.
   895 | D:2      | XOM: 4-stop teleportation journey
  1406 | D:3      | Noticed Natasha
  1417 | D:3      | Killed Natasha
  1418 | D:3      | Reached XP level 6. HP: 43/47 MP: 7/7
  1439 | D:3      | Noticed Natasha
  1448 | D:3      | Killed Natasha
  1516 | D:3      | Found a transporter.
  1530 | D:3      | Found a one-way gate to the infinite horrors of the Abyss.
  1530 | D:3      | Noticed Bediveer's ghost (amateur OpHu)
  1593 | D:3      | Reached skill level 1 in Spellcasting
  1617 | D:3      | XOM: chaos upgrade
  1622 | D:3      | XOM: butterfly on damage
  1623 | D:3      | XOM: summons 2 friendly demons
  1649 | D:3      | XOM: scenery: create altars
  1680 | D:3      | Killed from afar by an orc priest

Illustrated notes

Levels and vault maps discovered:
D:1:      minmay_arrival_up_and_down, layout_basic
D:2:      layout_basic, basic_altar, uniq_sigmund
D:3:      layout_loops_ring, nicolae_yredelemnul_ghost_church,
          gammafunk_ghost_abyssal_escape, uniq_natasha

Skill      XL: |  1  2  3  4  5  6 |
---------------+-------------------+-----
Dodging        | 1 2 |  2.5
Armour         | 2 |  2.9
Polearms       | 1 |  1.8
Stealth        | 1 |  1.2
Spellcasting   | 1 |  1.0
Fighting       | |  3.8
Axes           | |  3.8
Conjurations   | |  0.3
Evocations     | |  0.7

Action                     |  1- 3 |  4- 6 || total
---------------------------+-------+-------++-------
  Melee: Dagger            |    53 |    48 ||   101
         Hand axe          |    56 |    50 ||   106
    Use: Potion            |       |     3 ||     3
         Scroll            |       |     1 ||     1
   Stab: Petrifying        |       |     1 ||     1
         Sleeping          |       |     1 ||     1
 Armour: Leather armour    |    31 |    35 ||    66
  Dodge: Dodged            |    37 |    22 ||    59

Table legend: (Time is in decaauts)
 A = Elapsed time spent in this place.
 B = Non-inter-level travel time spent in this place.
 C = Inter-level travel time spent in this place.
 D = Time resting spent in this place.
 E = Time spent auto-exploring this place.
 F = Levels seen in this place.
 G = Mean time per level.
                   A        B        C        D        E       F      G
               +--------+--------+--------+--------+--------+-----+--------+
         Total |   1694 |   1509 |    185 |      0 |   1169 |   3 |  564.7 |
       Dungeon |   1694 |   1509 |    185 |      0 |   1169 |   3 |  564.7 |
               +--------+--------+--------+--------+--------+-----+--------+

Top non-repeatable levels by time:
     D:1: 718 daAuts
     D:2: 693 daAuts
     D:3: 283 daAuts
